 Dungeon Crawl Stone Soup version 0.21.1-1-g345015f (webtiles) character file.

224 Dioder the Chucker (level 6, -2/36 HPs)
             Began as a Kobold Hunter on Feb 18, 2018.
             Slain by Pikel
             ... wielding a +1 whip of flaming
              (7 damage)
             ... on level 4 of the Dungeon.
             The game lasted 00:07:18 (2265 turns).

Dioder the Chucker (Kobold Hunter)                  Turns: 2265, Time: 00:07:19

Health: -2/36      AC:  4    Str:  6 (9)  XL:     6   Next: 20%
Magic:  6/6        EV: 15    Int: 11 (13) God:
Gold:   101        SH:  4    Dex: 18 (19) Spells: 5/5 levels left

rFire    . . .     SeeInvis .   a - +2 short sword
rCold    . . .     Gourm    .   (shield restricted)
rNeg     . . .     Faith    .   b - +1 leather armour
rPois    +         Spirit   .   (no helmet)
rElec    .         Reflect  .   (no cloak)
rCorr    .         Harm     .   (no gloves)
MR       .....                  (no boots)
Stlth    ++........             (no amulet)
HPRegen  0.12/turn              m - ring of poison resistance
MPRegen  0.10/turn              (no ring)

@: no status effects
A: small, large bone plates 1, thin skeletal structure 1, blurry vision 1,
carnivore, sense surroundings 1
a: no special abilities


You were on level 4 of the Dungeon.
You were not hungry.

You visited 1 branch of the dungeon, and saw 4 of its levels.

You collected 101 gold pieces.

Inventory:

Hand Weapons
 a - a +2 short sword (weapon)
Armour
 b - a +1 leather armour (worn)
Jewellery
 m - a ring of poison resistance (left hand)
Scrolls
 e - 3 scrolls of remove curse
 g - a scroll of immolation {unknown}
 h - a scroll of teleportation
 i - a scroll of amnesia
 j - 2 scrolls of identify
Books
 d - a book of Cantrips

   Spells                             Type                      Level
   a - Confusing Touch                Hexes                        1
   b - Animate Skeleton               Necromancy                   1
   c - Summon Small Mammal            Summoning                    1
   d - Apportation                    Translocation                1
Comestibles
 f - 7 rations


   Skills:
 - Level 2.3 Fighting
 + Level 2.5 Short Blades
 + Level 6.6 Throwing
 - Level 0.1 Armour
 * Level 3.5 Dodging
 + Level 1.9 Stealth


You had 5 spell levels left.
You didn't know any spells.

Dungeon Overview and Level Annotations

Branches:
Dungeon (4/15)
 Temple: D:4-7

Altars:
Qazlal
Uskayaw
Vehumet
Zin

Annotations:
D:4 Pikel


Innate Abilities, Weirdness & Mutations

You are small and have problems with some larger weapons.
You are carnivorous and can eat meat at any time.
You are partially covered in large bone plates. (SH +4)
You have a somewhat thin skeletal structure. (Dex +2, Stealth)
Scrolls take you a little longer to read.
You passively map a small area around you.


Message History

Pikel is severely wounded.
Pikel misses you. The slave hits you! You block the slave's attack.
You hit Pikel.
Pikel is severely wounded.
Pikel hits you but does no damage. The slave hits you!
* * * LOW HITPOINT WARNING * * *
You block the slave's attack. The slave misses you.
You hit Pikel but do no damage.
Pikel is severely wounded.
Pikel hits you with a whip of flaming.
* * * LOW HITPOINT WARNING * * *
Pikel burns you.
* * * LOW HITPOINT WARNING * * *
The slave misses you.
Sorry, you're not good enough to have a special ability.
You hit Pikel.
Pikel is severely wounded.
The slave closely misses you. Pikel hits you with a whip of flaming!
You die...

* , *, * ,
,*#...(......# .
*#..........# #... ,
*#..........# , , ,
,#... * #...(......#
,#....####.(........# ,
,
........p........>.####
* #..##p#..............
** #...@Kp.........# *
, , #....p###<##.#.....
##.....######.#.####
...................# *
######....######.###
#....# #... , #.#.## *
##### * , #.#.. , , ,
#...# ** * ,,


You could see Pikel and 4 slaves.

Vanquished Creatures
  The ghost of Autsider the Slasher, an amateur TeBe of Trog (D:3)
  A howler monkey (D:4)
  A worker ant (D:3)
  3 adders (D:3)
  3 oozes
  A worm (D:2)
  An orc (D:3)
  A ball python (D:2)
  4 giant cockroaches
  4 goblins
  5 hobgoblins
  A quokka (D:2)
  8 bats
  3 frilled lizards
  7 kobolds
  6 rats
50 creatures vanquished.

Notes
Turn   | Place    | Note
-------+----------+-------------------------------------------
     0 | D:1      | Dioder the Kobold Hunter began the quest for the Orb.
     0 | D:1      | Reached XP level 1. HP: 12/12 MP: 1/1
    54 | D:1      | Reached XP level 2. HP: 17/17 MP: 2/2
    68 | D:1      | Reached skill level 5 in Throwing
   185 | D:1      | Reached XP level 3. HP: 18/21 MP: 3/3
   677 | D:2      | Found a radiant altar of Vehumet.
  1225 | D:2      | Found a glowing silver altar of Zin.
  1225 | D:2      | Noticed an angel
  1332 | D:2      | Gained mutation: Scrolls take you a little longer to read. [potion of mutation]
  1332 | D:2      | Gained mutation: You have a somewhat thin skeletal structure. (Dex +2, Stealth) [potion of mutation]
  1332 | D:2      | Gained mutation: You passively map a small area around you. [potion of mutation]
  1332 | D:2      | Gained mutation: You are partially covered in large bone plates. (SH +4) [potion of mutation]
  1413 | D:2      | Found a stormy altar of Qazlal.
  1414 | D:2      | Found a hide-covered altar of Uskayaw.
  1651 | D:2      | Reached XP level 4. HP: 27/27 MP: 4/4
  1879 | D:3      | Noticed Autsider's ghost (amateur TeBe)
  1893 | D:3      | Killed Autsider's ghost
  1893 | D:3      | Reached skill level 1 in Short Blades
  1893 | D:3      | Reached skill level 6 in Throwing
  1893 | D:3      | Reached XP level 5. HP: 17/31 MP: 5/5
  2232 | D:4      | Reached XP level 6. HP: 30/36 MP: 6/6
  2244 | D:4      | Noticed Pikel
  2246 | D:4      | Noticed a slave
  2246 | D:4      | Noticed a slave
  2248 | D:4      | Noticed a slave
  2260 | D:4      | Noticed a slave
  2265 | D:4      | Slain by Pikel

Skill      XL: |  1  2  3  4  5 |
---------------+----------------+-----
Throwing       | 5 6 |  6.6
Short Blades   | 1 2 |  2.5
Dodging        | 3 |  3.5
Fighting       | |  2.3
Armour         | |  0.1
Stealth        | |  1.9

Action                   |  1- 3 |  4- 6 || total
-------------------------+-------+-------++-------
Melee: Short sword       |    50 |    55 ||   105
Throw: Tomahawk          |    51 |    38 ||    89
       Throwing net      |     4 |       ||     4
  Use: Scroll            |     8 |       ||     8
       Potion            |     3 |     2 ||     5
 Stab: Sleeping          |     1 |     1 ||     2
  Eat: Ration            |     1 |     1 ||     2
Armor: Leather armour    |    13 |     9 ||    22
Dodge: Dodged            |    35 |    49 ||    84
Block: Other             |       |    13 ||    13
